 Dungeon Crawl Stone Soup version 0.20.1-1-g8b1a95d (webtiles) character file.

403952 troglodite the Warrior (level 22, -32/199 HPs)
             Began as a Demonspawn Berserker on Dec 13, 2017.
             Was the Champion of Trog.
             Annihilated by an ironbrand convoker
             ... wielding a +0 great mace
              (38 damage)
             ... while paralysed by a sphinx
             ... on level 4 of the Vaults on Dec 15, 2017.
             The game lasted 04:27:50 (56102 turns).

troglodite the Warrior (Demonspawn Berserker)      Turns: 56102, Time: 04:27:51

Health: -32/199    AC:  5    Str: 22    XL:     22   Next: 2%
Magic:  22/22      EV:  2    Int:  9    God:    Trog [******]
Gold:   3789       SH:  0    Dex: 29    Spells: 21/21 levels left

rFire    + + .     SeeInvis .   e - +7 falchion of Ogre's Foe {vamp, +Inv Dex+5}
rCold    . . .     Gourm    .   k - +0 shield of Abstinence {rElec rN+ Dex-3} (curse)
rNeg     + + +     Faith    .   o - +3 scale mail of Vounor {rElec Str+4 Stlth+}
rPois    +         Spirit   .   p - +1 helmet of Komuile {rN+ Stlth+}
rElec    +         Reflect  +   r - +2 cloak {rPois}
rCorr    .         Harm     .   Y - +1 pair of gloves of Sin {Str-3 Dex+8}
MR       +....                  (boots unavailable)
Stlth    +++++.....             U - +4 amulet of reflection
Regen    0.5/turn               V - ring of Robustness {AC+8}
MPRegen  0.2/turn               v - ring "Socuuseo" {Wiz rF+ rN+}

@: paralysed, corroded, studying 2 skills
A: talons 3, rugged brown scales 3, demonic guardian 2, fire resistance 1,
negative energy resistance 1, spiny 2, 50% torment resistance, wild magic 1
}: 3/15 runes: decaying, abyssal, gossamer
a: Berserk, Trog's Hand, Brothers in Arms, Burn Spellbooks, Renounce Religion,
Evoke Invisibility


You were on level 4 of the Vaults.
You worshipped Trog.
Trog was exalted by your worship.
You were not hungry.

You visited 7 branches of the dungeon, and saw 38 of its levels.
You visited the Abyss 3 times.
You also visited: Labyrinth and Ice Cave.

You collected 4293 gold pieces.
You spent 504 gold pieces at shops.

Inventory:

Hand Weapons
 e - the +7 falchion of Ogre's Foe (weapon) {vamp, +Inv Dex+5}
   (Trog gifted it to you on level 4 of the Lair of Beasts)

   It inflicts no extra harm, but heals its wielder when it wounds a living foe.
   It affects your dexterity (+5).
   It lets you turn invisible.
 K - a +7 scimitar of flaming
 Z - the +9 flail of the Whelk {antimagic, +Blink rF- Str+3 Int+4}
   (You took it off a deep elf high priest on level 3 of the Elven Halls)

   It reduces the magical energy of the wielder, and disrupts the spells and
   magical abilities of those hit.
   Natural abilities and divine invocations are not affected.
   It affects your strength (+3).
   It affects your intelligence (+4).
   It makes you vulnerable to fire.
   It lets you blink.
Armour
 k - the cursed +0 shield of Abstinence (worn) {rElec rN+ Dex-3}
   (You took it off a tengu reaver on level 3 of the Vaults)

   It affects your dexterity (-3).
   It insulates you from electricity.
   It protects you from negative energy.
   It has a curse placed upon it.
 o - the +3 scale mail of Vounor (worn) {rElec Str+4 Stlth+}
   (You acquired it on level 1 of the Spider Nest)

   It affects your strength (+4).
   It insulates you from electricity.
   It makes you more stealthy.
 p - the +1 helmet of Komuile (worn) {rN+ Stlth+}
   (You acquired it on level 1 of the Spider Nest)

   It protects you from negative energy.
   It makes you more stealthy.
 r - a +2 cloak of poison resistance (worn)
 N - a +0 shield of reflection
 R - the +0 chain mail "Alofuz" {Str+4 Int+2 Dex+5}
   (You found it on level 12 of the Dungeon)

   It affects your strength (+4).
   It affects your intelligence (+2).
   It affects your dexterity (+5).
 T - the scarf of Negligence {+Inv rF+ Int+2}
   (You acquired it on level 3 of the Elven Halls)

   It affects your intelligence (+2).
   It protects you from fire.
   It lets you turn invisible.
 Y - the +1 pair of gloves of Sin (worn) {Str-3 Dex+8}
   (You found it on level 4 of the Lair of Beasts)

   It affects your strength (-3).
   It affects your dexterity (+8).
Jewellery
 s - a +3 ring of dexterity
 t - the ring of Sageroato {rC+ Dex+5}
   (You took it off a deep elf annihilator on level 3 of the Elven Halls)

   [ring of protection from cold]

   It affects your dexterity (+5).
   It protects you from cold.
 v - the ring "Socuuseo" (right hand) {Wiz rF+ rN+}
   (You found it on level 3 of the Spider Nest)

   [ring of wizardry]

   It improves your spell success rate.
   It protects you from fire.
   It protects you from negative energy.
 y - an uncursed ring of see invisible
 M - the ring "Plog" {rC+ MP+9}
   (You found it in an ice cave)

   [ring of magical power]

   It protects you from cold.
   It affects your magic capacity (+9).
 U - a +4 amulet of reflection (around neck)
 V - the ring of Robustness (left hand) {AC+8}
   (You found it in a labyrinth)

   [ring of protection]

   It affects your AC (+8).
Wands
 m - a wand of lightning (5/15)
Scrolls
 a - 2 scrolls of brand weapon
 d - 6 scrolls of identify
 h - 11 scrolls of recharging
 q - 10 scrolls of teleportation
 u - 7 scrolls of fear
 w - 8 scrolls of remove curse
 B - a scroll of blinking
 D - 2 scrolls of summoning
 J - 4 scrolls of fog
 O - a scroll of enchant armour
 X - 6 scrolls of magic mapping
Potions
 b - 6 potions of might
 f - 4 potions of ambrosia
 g - 6 potions of lignification
 i - 5 potions of flight
 n - 2 potions of magic
 x - 4 potions of mutation
 z - 10 potions of curing
 A - 6 potions of agility
 C - 2 potions of resistance
 G - 3 potions of brilliance
 I - 3 potions of berserk rage
 P - a potion of cancellation
 Q - 4 potions of heal wounds
 W - 2 potions of invisibility
Books
 E - a manual of Slings
 S - a manual of Maces & Flails
Comestibles
 c - 21 bread rations
 j - 49 fruits
 l - 34 royal jellies
 F - 4 chunks of flesh


   Skills:
 * Level 18.8 Fighting
 * Level 16.3 Long Blades
 * Level 9.3 Maces & Flails
 * Level 15.4 Armour
 * Level 14.4 Dodging
 + Level 7.9 Stealth
 * Level 16.7 Shields
 + Level 0.4 Evocations


You had 21 spell levels left.
You didn't know any spells.

Dungeon Overview and Level Annotations

Branches:
Dungeon (15/15)            Temple (0/1) D:5            Lair (6/6) D:10
  Swamp (4/4) Lair:3       Spider (4/4) Lair:3        Slime (0/5) Lair:5
    Orc (2/2) D:12            Elf (3/3) Orc:2        Vaults (4/5) D:14
  Crypt (0/3) Vaults:2     Depths (0/5) D:15

Altars:
Ashenzari
Elyvilon
Hepliaklqana
Kikubaaqudgha
Makhleb
Okawaru
Qazlal
Sif Muna
Vehumet
Yredelemnul
Zin
The Shining One
Beogh
Jiyva

Shops:
D:10 [   D:14 }   D:15 }[}**   Orc:1 (   Orc:2 *(}(   Elf:2 %   Vaults:4 :}

Portals:
Trove: D:12 (give 6 scrolls of blinking)


Innate Abilities, Weirdness & Mutations

You have claws for feet.
You are completely covered in rugged brown scales. (AC +3, +7% HP)
A demonic guardian rushes to your aid.
You resist negative energy. (rN+)
You are mostly covered in sharp spines.
You are somewhat able to resist unholy torments (1 in 2 success).
Your flesh is heat resistant. (rF+)
Your spells are a little harder to cast, but a little more powerful.


Message History

The ironbrand convoker hits you with a great mace!!
The ironbrand convoker hits you with a morningstar!!
The yaktaur hits you!!
* * * LOW HITPOINT WARNING * * *
The sphinx is struck by your spines. The sphinx hits you!
* * * LOW HITPOINT WARNING * * *
The sphinx hits you but does no damage. The sphinx hits you.
* * * LOW HITPOINT WARNING * * *
The vault sentinel blows a loud note on a signal horn!
The sphinx hits you!!
* * * LOW HITPOINT WARNING * * *
The sphinx hits you!
* * * LOW HITPOINT WARNING * * *
The sphinx hits you.
* * * LOW HITPOINT WARNING * * *
The vault sentinel is struck by your spines.
The vault sentinel barely misses you.
The ironbrand convoker is struck by your spines.
The ironbrand convoker hits you with a great mace!!!
You die...

########
########......
########......+....
#......#......#..#
#......#.....H#p.#
#......+......@cZ#
+......#.....Hppa).#
#......#......#.C###
#......+.....W#TCpW#
#......#......#O.###
#......#.....?+...
#?.....#......#....
#......#......######
#......###########


You could see a fire giant, 2 sphinxes, a stone giant, an entropy weaver, a deep
troll, 2 vault sentinels, 2 ironbrand convokers, a yaktaur, 2 freezing wraiths,
an ogre and a deep troll shaman simulacrum.

Vanquished Creatures
  the Lernaean hydra (Swamp:4)
  Nikola (Elf:1)
  A tentacled monstrosity (Vaults:3)
  Rupert (D:15)
  4 deep elf blademasters
  Asterion (Vaults:3)
  A deep elf master archer (Elf:3)
  2 thorn hunters
  Kirke (Swamp:3)
  A tengu reaver (Vaults:3)
  Roxanne (Spider:4)
  10 deep elf sorcerers
  3 fire giants (Vaults:3)
  Aizul (Swamp:3)
  The ghost of soepske the Corrupter of Planes, a journeyman DsAK of Lugonu (Orc:1)
  2 frost giants (Vaults:3)
  4 ghost moths
  2 orc warlords
  4 vault wardens
  2 deep elf elementalists (Elf:3)
  2 emperor scorpions
  10 ironheart preservers
  3 very ugly things (Vaults:3)
  5 stone giants
  10 entropy weavers
  5 deep elf demonologists
  8 deep elf annihilators
  3 spark wasps (Spider:4)
  Azrael (D:15)
  3 deep elf death magi
  Snorg (D:13)
  An ettin (Vaults:3)
  A minotaur (Lab)
  2 great orbs of eyes
  2 fire dragons
  2 deep elf high priests (Elf:3)
  The ghost of p0werm0de the Cleaver, a journeyman DDFi of Makhleb (Orc:2)
  4 yaktaur captains
  Erolcha (D:13)
  2 ice dragons
  Fannar (Orc:1)
  8 vault guards
  28 hydras
  8 centaur warriors
  10 ogre magi
  A death knight (Vaults:2)
  6 alligators
  21 dancing weapons
  Erica (D:9)
  33 two-headed ogres
  8 death yaks
  A deep troll earth mage (Vaults:4)
  6 tengu warriors
  A queen ant (Spider:4)
  6 orc high priests
  Nergalle (D:12)
  Urug (D:10)
  19 deep elf knights
  3 small abominations
  A fire crab (shapeshifter) (Vaults:2)
  7 spriggans
  4 hell knights (D:12)
  7 skeletal warriors
  2 flayed ghosts
  A shadow wraith (Vaults:4)
  2 glowing orange brains (Vaults:2)
  3 unseen horrors
  6 deep trolls
  3 wizards
  6 deep elf archers
  5 ironbrand convokers
  13 swamp dragons
  A spriggan druid (Swamp:4)
  2 tengu zombies (Vaults:3)
  Pikel (D:7)
  53 deep elf magi
  16 orb spiders
  2 phantasmal warriors
  5 harpies
  16 orc knights
  A wolf spider zombie (D:15)
  33 wolf spiders
  5 necromancers
  2 manticores (D:15)
  47 ugly things
  6 orc sorcerers
  5 cyclopes
  2 tengu skeletons (Vaults:3)
  A moth of wrath (Spider:4)
  A salamander (shapeshifter) (Vaults:4)
  2 worldbinders (Abyss:3)
  5 elephants (Lair:6)
  Maurice (D:11)
  A rust devil (D:12)
  7 black mambas (Lair:6)
  A black mamba (shapeshifter) (Vaults:2)
  A guardian serpent (Lair:6)
  3 ice statues (IceCv)
  A water nymph (Abyss:3)
  3 gargoyles
  8 vault sentinels
  Psyche (D:11)
  2 torpor snails
  An orange demon (D:12)
  25 spiny frogs
  5 rime drakes
  6 komodo dragons
  A kobold demonologist (D:12)
  14 yaktaurs
  A rime drake (shapeshifter) (D:15)
  9 demonic crawlers
  A queen bee (D:14)
  4 freezing wraiths
  4 tengu conjurers
  2 polar bears
  28 jumping spiders
  8 trolls
  A polar bear (shapeshifter) (Vaults:3)
  16 hornets
  2 trolls (shapeshifter)
  3 meliai (D:14)
  38 slime creatures
  Prince Ribbit (D:7)
  3 tyrant leeches
  6 bog bodies
  13 blink frogs
  A tengu simulacrum (Vaults:1)
  8 hippogriffs
  2 dream sheep (D:13)
  2 ettin skeletons (Vaults:3)
  2 air elementals
  92 redbacks
  33 tarantellas
  2 wraiths
  6 shadows
  19 wyverns
  A centaur simulacrum (D:14)
  22 yaks
  6 water elementals
  Grum (Lair:1)
  Eustachio (D:5)
  A ynoxinul (Abyss:3)
  4 fire bats (Lair:5)
  9 fire elementals
  6 basilisks
  5 hogs (Swamp:3)
  A steam dragon (Lair:5)
  4 hungry ghosts
  8 vampire mosquitoes
  21 swamp worms
  15 soldier ants
  21 insubstantial wisps
  7 wargs
  A soldier ant (shapeshifter) (Vaults:4)
  2 acid dragons
  13 hell hounds
  62 orc warriors
  10 porcupines
  16 swamp drakes
  13 water moccasins
  13 ice beasts
  7 sky beasts
  A hornet zombie (D:11)
  An eye of draining (D:10)
  A sky beast (shapeshifter) (Elf:1)
  4 phantoms
  A necrophage (D:10)
  47 ogres
  12 wolves
  The ghost of soepske the Skirmisher, an amateur DsAK of Lugonu (D:3)
  10 boggarts (Vaults:2)
  9 centaurs
  5 crocodiles
  5 big kobolds
  13 bullfrogs
  2 earth elementals (Elf:3)
  A wyvern zombie (D:13)
  3 scorpions
  22 killer bees
  6 electric eels
  9 wights
  3 howler monkeys
  11 crimson imps
  3 centaur zombies
  4 jellies
  A bullfrog zombie (D:12)
  40 orc priests
  9 centaur skeletons
  6 hounds
  32 orc wizards
  7 iguanas
  36 worker ants
  A hound skeleton (D:8)
  A worker ant zombie (D:5)
  8 gnolls
  21 adders
  A howler monkey skeleton (D:4)
  4 shadow imps
  12 white imps (D:12)
  4 dart slugs
  6 worms
  5 leopard geckos
  136 orcs
  2 ball pythons
  3 giant cockroaches
  5 goblins
  16 hobgoblins
  17 kobolds
  4 quokkas
  4 bats
  3 frilled lizards
  A giant cockroach zombie (D:5)
  2 leopard gecko skeletons
  A quokka skeleton (D:8)
  5 rats
  2 bushes (Elf:1)
  3 fungi
1770 creatures vanquished.

Vanquished Creatures (collateral kills)
  Mara (Swamp:4)
  Saint Roka (Orc:2)
  A deep elf blademaster (Elf:3)
  A thorn hunter (Abyss:3)
  3 tengu reavers
  Donald (Spider:3)
  A ghost moth (Spider:4)
  4 deep elf sorcerers (Elf:3)
  A frost giant (Vaults:3)
  A deep elf elementalist (Elf:3)
  An ironheart preserver (Vaults:4)
  An entropy weaver (Spider:2)
  A dire elephant (Abyss:3)
  2 ettins (Vaults:3)
  A yaktaur captain (Vaults:2)
  A deep elf high priest (Elf:3)
  4 hydras
  2 vault guards
  2 rakshasas (Abyss:3)
  3 centaur warriors
  3 two-headed ogres
  A dancing weapon (Elf:2)
  An alligator (Swamp:4)
  2 deep troll shamans
  Sonja (D:10)
  5 deep elf knights
  A skeletal warrior (Vaults:1)
  An orange crystal statue (D:15)
  A swamp dragon (Swamp:1)
  5 deep elf archers
  A shambling mangrove (Abyss:3)
  4 ironbrand convokers
  An orc knight (Vaults:4)
  A phantasmal warrior (Vaults:2)
  8 deep elf magi
  2 orb spiders
  A harpy (Vaults:2)
  2 wolf spiders
  A necromancer (D:12)
  4 ugly things
  An elephant (Lair:6)
  A moth of wrath (Spider:4)
  A centaur zombie (D:10)
  3 worldbinders (Abyss:3)
  A rust devil (D:12)
  2 vault sentinels (Vaults:1)
  A water nymph (Abyss:3)
  A spiny frog (Lair:6)
  4 yaktaurs
  3 demonic crawlers
  3 jumping spiders
  2 hornets (Abyss:3)
  A polar bear (shapeshifter) (Vaults:3)
  A water elemental (Abyss:3)
  2 large abominations (Abyss:3)
  5 redbacks
  A spriggan (Swamp:4)
  2 yaks
  A wyvern (D:15)
  3 tarantellas
  A fire bat (Lair:5)
  A soldier ant (Spider:4)
  A water moccasin (Lair:2)
  A swamp drake (Swamp:1)
  A porcupine (Lair:1)
  3 ogres
  A boggart (Vaults:2)
  A bullfrog (Lair:1)
  An orc priest (D:7)
  A small abomination (Abyss:3)
  7 worker ants
  13 orcs
  A fungus (Elf:1)
151 creatures vanquished.

Vanquished Creatures (others)
  2 yaktaur captains (Vaults:2)
  3 deep elf archers
  A spriggan druid (Swamp:4)
  3 yaktaurs
  A jumping spider (Spider:4)
  A spriggan (Swamp:4)
  A human (Swamp:3)
  A spatial vortex (Abyss:3)
  2 slaves (D:7)
  An ogre (Vaults:4)
  A centaur (D:7)
  An orc priest (D:7)
  An orc wizard (D:7)
  An adder (D:7)
  A shadow imp (D:7)
  An adder skeleton (D:7)
  2 orcs (D:7)
  A bush (Lair:6)
  10 fungi
  16 plants
  5 starspawn tentacles (Abyss:3)
56 creatures vanquished.

Grand Total: 1977 creatures vanquished

Notes
Turn   | Place    | Note
-------+----------+-------------------------------------------
     0 | D:1      | troglodite the Demonspawn Berserker began the quest for the Orb.
     0 | D:1      | Reached XP level 1. HP: 18/18 MP: 1/1
   382 | D:1      | Gained mutation: You have sharp toenails. [demonic ancestry]
   382 | D:1      | Reached XP level 2. HP: 18/24 MP: 2/2
  1008 | D:1      | Gained mutation: You are partially covered in sharp spines. [demonic ancestry]
  1008 | D:1      | Reached XP level 3. HP: 27/29 MP: 3/3
  1150 | D:2      | Reached ** piety under Trog
  1395 | D:2      | Reached XP level 4. HP: 32/37 MP: 4/4
  1397 | D:2      | Reached skill level 4 in Fighting
  1741 | D:2      | Found a glowing silver altar of Zin.
  1741 | D:2      | Noticed an angel
  2060 | D:3      | Found an iron altar of Okawaru.
  2070 | D:3      | Noticed soepske's ghost (amateur DsAK)
  2081 | D:3      | Killed soepske's ghost
  2081 | D:3      | Reached XP level 5. HP: 42/42 MP: 5/5
  2132 | D:3      | Found a shattered altar of Ashenzari.
  2137 | D:3      | Saw a vision of the Swamp and the Spider Nest.
  2137 | D:3      | Noticed a water moccasin
  2137 | D:3      | Noticed a redback
  2137 | D:3      | Noticed a redback
  2139 | D:3      | Noticed an alligator
  2139 | D:3      | Noticed a redback
  2143 | D:3      | Noticed a redback
  2250 | D:3      | Reached *** piety under Trog
  2878 | D:4      | Reached XP level 6. HP: 48/48 MP: 6/6
  3860 | D:5      | Entered Level 5 of the Dungeon
  3864 | D:5      | Reached skill level 1 in Stealth
  3931 | D:5      | Noticed an ice beast
  3939 | D:5      | Killed an ice beast
  3939 | D:5      | Gained mutation: You are partially covered in rugged brown scales. (AC +1, +3% HP) [demonic ancestry]
  3939 | D:5      | Reached XP level 7. HP: 39/56 MP: 7/7
  4058 | D:5      | Reached skill level 5 in Long Blades
  4253 | D:5      | Reached skill level 5 in Fighting
  4397 | D:5      | Reached XP level 8. HP: 42/64 MP: 8/8
  4599 | D:5      | Reached **** piety under Trog
  4854 | D:5      | Found a staircase to the Ecumenical Temple.
  4876 | D:5      | Noticed Eustachio
  4889 | D:5      | Killed Eustachio
  4889 | D:5      | Reached skill level 5 in Armour
  5003 | D:6      | Reached skill level 6 in Fighting
  5009 | D:6      | HP: 2/65 [wight/halberd of freezing (2)]
  5460 | D:6      | Found a radiant altar of Vehumet.
  5490 | D:6      | Gained mutation: A weak demonic guardian rushes to your aid. [demonic ancestry]
  5490 | D:6      | Reached XP level 9. HP: 16/72 MP: 9/9
  5968 | D:6      | Reached skill level 5 in Dodging
  6232 | D:6      | Reached ***** piety under Trog
  6324 | D:7      | Noticed Pikel
  6336 | D:7      | Killed Pikel
  6336 | D:7      | Reached skill level 7 in Fighting
  6486 | D:7      | Noticed Prince Ribbit
  6492 | D:7      | Killed Prince Ribbit
  7190 | D:8      | Noticed a two-headed ogre
  7196 | D:8      | Killed a two-headed ogre
  7196 | D:8      | Reached XP level 10. HP: 82/82 MP: 10/10
  7382 | D:8      | You fall through a shaft!
  7621 | D:8      | Killed an unseen horror
  7621 | D:8      | Reached skill level 8 in Fighting
  7675 | D:8      | Found a stormy altar of Qazlal.
  7719 | D:8      | Noticed a two-headed ogre
  7730 | D:8      | Killed a two-headed ogre
  8011 | D:9      | Noticed Erica
  8023 | D:9      | Killed Erica
  8327 | D:9      | Noticed a two-headed ogre
  8332 | D:9      | Killed a two-headed ogre
  8332 | D:9      | Reached skill level 1 in Shields
  8384 | D:9      | Received a gift from Trog
  8623 | D:10     | Entered Level 10 of the Dungeon
  8647 | D:10     | Found a staircase to the Lair.
  8650 | D:10     | Noticed a two-headed ogre
  8659 | D:10     | Killed a two-headed ogre
  8659 | D:10     | Reached XP level 11. HP: 76/89 MP: 11/11
  8663 | D:10     | Noticed a two-headed ogre
  8681 | D:10     | HP: 1/89 [two-headed ogre/giant club (31)]
  9051 | D:10     | Killed a two-headed ogre
  9051 | D:10     | Reached skill level 9 in Fighting
  9174 | D:10     | Noticed a two-headed ogre
  9184 | D:10     | Killed a two-headed ogre
  9418 | D:10     | Noticed Urug
  9424 | D:10     | Noticed Sonja
  9430 | D:10     | Killed Urug
  9436 | D:10     | Killed Sonja
  9598 | D:10     | Found Bizoplup's Armour Shop.
  9610 | D:10     | Bought a +2 cloak of poison resistance for 277 gold pieces
 10308 | D:11     | Noticed a two-headed ogre
 10315 | D:11     | Killed a two-headed ogre
 10395 | D:11     | Noticed Psyche
 10399 | D:11     | Killed Psyche
 10487 | D:11     | Noticed an eight-headed hydra
 10501 | D:11     | Killed a four-headed hydra
 10528 | D:11     | Received a gift from Trog
 10627 | D:11     | Reached skill level 10 in Long Blades
 10652 | D:11     | Noticed a four-headed hydra
 10657 | D:11     | Killed a one-headed hydra
 10789 | D:11     | Gained mutation: You are mostly covered in rugged brown scales. (AC +2, +5% HP) [demonic ancestry]
 10789 | D:11     | Reached XP level 12. HP: 89/101 MP: 12/12
 11248 | D:11     | Noticed Maurice
 11259 | D:11     | Killed Maurice
 11327 | D:11     | Noticed a two-headed ogre
 11335 | D:11     | Killed a two-headed ogre
 11335 | D:11     | Reached skill level 10 in Fighting
 11413 | D:12     | Found a frozen archway.
 11450 | D:12     | Found a hazy altar of Hepliaklqana.
 11455 | IceCv    | Entered an ice cave
 12652 | IceCv    | Got a shimmering silver ring
 12680 | IceCv    | Identified the ring "Plog" {rC+ MP+9} (You found it in an ice cave)
 12741 | D:12     | Noticed a vault guard
 12748 | D:12     | Killed a vault guard
 12893 | D:12     | Found a portal to a secret trove of treasure.
 13345 | D:12     | Found a runed door.
 13349 | D:12     | Noticed a great orb of eyes
 13353 | D:12     | Noticed a two-headed ogre
 13354 | D:12     | Noticed Nergalle
 13364 | D:12     | Paralysed by a great orb of eyes for 4 turns
 13369 | D:12     | Killed a great orb of eyes
 13586 | D:12     | Found a staircase to the Orcish Mines.
 13608 | D:12     | Received a gift from Trog
 13612 | D:12     | Got a warped hand crossbow {god gift}
 13620 | D:12     | Identified the +6 hand crossbow of Goimeec {velocity, *Corrode rPois rF- Str+9} (Trog gifted it to you on level 12 of the Dungeon)
 13893 | D:12     | Noticed a two-headed ogre
 13901 | D:12     | Killed a two-headed ogre
 14040 | D:12     | Reached skill level 11 in Fighting
 14125 | D:12     | Reached skill level 5 in Shields
 14277 | D:12     | Gained mutation: You have razor-sharp toenails. [demonic ancestry]
 14277 | D:12     | Reached XP level 13. HP: 91/111 MP: 13/13
 14433 | D:12     | Reached ****** piety under Trog
 14452 | D:12     | Killed Nergalle
 14452 | D:12     | Reached skill level 10 in Armour
 14474 | D:12     | Paralysed by a wizard for 2 turns
 14905 | D:12     | Got a faintly humming chain mail
 14916 | D:12     | Identified the cursed +0 chain mail "Alofuz" {Str+4 Int+2 Dex+5} (You found it on level 12 of the Dungeon)
 14985 | D:12     | Got a transparent hunting sling
 14995 | D:12     | Identified the +5 hunting sling "Kogiwid" {flame, rC+ rN+ MR+ Str-2 SInv} (You found it on level 12 of the Dungeon)
 15301 | D:13     | Noticed Erolcha
 15310 | D:13     | Paralysed by Erolcha for 4 turns
 15313 | D:13     | Killed Erolcha
 15515 | D:13     | Noticed Snorg
 15578 | D:13     | Killed Snorg
 16150 | Orc:1    | Entered Level 1 of the Orcish Mines
 16273 | Orc:1    | Found Muock's Weapon Shoppe.
 16286 | Orc:1    | Received a gift from Trog
 16332 | Orc:1    | Noticed soepske's ghost (journeyman DsAK)
 16579 | Orc:1    | Killed soepske's ghost
 17040 | Orc:1    | Noticed Fannar
 17063 | Orc:1    | Killed Fannar
 17100 | Orc:1    | Found a burning altar of Makhleb.
 17115 | Orc:1    | Got a warped robe
 17359 | Orc:2    | Entered Level 2 of the Orcish Mines
 17363 | Orc:2    | Noticed Saint Roka
 18007 | Orc:2    | Received a gift from Trog
 18649 | Orc:2    | Reached skill level 12 in Fighting
 19238 | Orc:2    | Noticed p0werm0de's ghost (journeyman DDFi)
 19251 | Orc:2    | Killed p0werm0de's ghost
 19259 | Orc:2    | Gained mutation: You are mostly covered in sharp spines. [demonic ancestry]
 19259 | Orc:2    | Reached XP level 14. HP: 111/120 MP: 14/14
 19287 | Orc:2    | Found a roughly hewn altar of Beogh.
 19289 | Orc:2    | Found Efuybuuj's Weapon Boutique.
 19306 | Orc:2    | Found Fyseniop's Gadget Shop.
 19494 | Orc:2    | Found a staircase to the Elven Halls.
 19958 | Orc:2    | Killed Saint Roka
 20373 | Orc:2    | Noticed an orc warlord
 20393 | Orc:2    | Killed an orc warlord
 20393 | Orc:2    | Received a gift from Trog
 20556 | Orc:2    | Identified the +2 robe of the Illusory Allies {rElec rPois rF-} (You took it off an orc priest on level 1 of the Orcish Mines)
 20584 | Orc:2    | Found a roughly hewn altar of Beogh.
 20797 | Orc:2    | Found Rufiekk's Assorted Antiques.
 21036 | Orc:2    | Found Illuis's Weapon Shoppe.
 21238 | Orc:2    | Received a gift from Trog
 21251 | Orc:2    | Gained mutation: You are weak. (Str -2) [a neqoxec]
 21745 | Orc:2    | Bought a black potion for 27 gold pieces
 21745 | Orc:2    | Bought a scroll labeled TAFICE COEDEVEHUSM for 30 gold pieces
 21933 | Lair:1   | Entered Level 1 of the Lair of Beasts
 22169 | Lair:1   | Lost mutation: You are weak. (Str -2) [potion of mutation]
 22169 | Lair:1   | Gained mutation: Your flesh is heat resistant. (rF+) [potion of mutation]
 22169 | Lair:1   | Gained mutation: Your spells are a little harder to cast, but a little more powerful. [potion of mutation]
 22266 | Lair:1   | Noticed Grum
 22275 | Lair:1   | Killed Grum
 23846 | Lair:3   | Found a labyrinth entrance.
 23852 | Lab      | Entered a labyrinth
 24577 | Lab      | Got a faintly glowing fustibalus
 24581 | Lab      | Identified Dues's Almanac of Boosting Confrontation
 24583 | Lab      | Got a crude quarterstaff
 24608 | Lair:3   | Identified the +7 fustibalus "Pemeaq" {flame, +Fly Str+3} (You took it off a minotaur in a labyrinth)
 24834 | Lair:3   | Reached skill level 10 in Dodging
 24876 | Lair:3   | Found a staircase to the Swamp.
 25129 | Lair:3   | Found a hole to the Spider Nest.
 25341 | Lair:4   | Reached skill level 13 in Fighting
 25513 | Lair:4   | Got a pair of ancient gloves
 25524 | Lair:4   | Identified the +1 pair of gloves of Sin {Str-3 Dex+8} (You found it on level 4 of the Lair of Beasts)
 25725 | Lair:4   | Got a transparent rapier
 25726 | Lair:4   | Identified the +6 rapier "Empoytef" {pierce, rF- rN+ Int+9} (You found it on level 4 of the Lair of Beasts)
 25899 | Lair:4   | Received a gift from Trog
 25902 | Lair:4   | Gained mutation: You have claws for feet. [demonic ancestry]
 25902 | Lair:4   | Reached XP level 15. HP: 129/129 MP: 15/15
 25905 | Lair:4   | Got a twisted falchion {god gift}
 25907 | Lair:4   | Identified the +7 falchion of Ogre's Foe {vamp, +Inv Dex+5} (Trog gifted it to you on level 4 of the Lair of Beasts)
 26194 | Lair:5   | Got a crude great mace
 26201 | Lair:5   | Identified the cursed +0 great mace of Psychosis {flame, rN+} (You found it on level 5 of the Lair of Beasts)
 26373 | Lair:5   | Found a white marble altar of Elyvilon.
 26647 | Lair:5   | Found a staircase to the Slime Pits.
 26647 | Lair:5   | Found a viscous altar of Jiyva.
 26959 | Lair:6   | Entered Level 6 of the Lair of Beasts
 27031 | Lair:6   | Reached skill level 5 in Stealth
 27148 | Lair:6   | Received a gift from Trog
 27908 | Swamp:1  | Entered Level 1 of the Swamp
 28005 | Swamp:1  | Reached skill level 14 in Fighting
 28154 | Swamp:1  | Noticed a thorn hunter
 28173 | Swamp:1  | Killed a thorn hunter
 28414 | Swamp:1  | Received a gift from Trog
 29226 | Swamp:2  | Reached XP level 16. HP: 134/139 MP: 16/16
 29695 | Swamp:3  | Noticed Kirke
 29713 | Swamp:3  | Killed Kirke
 29764 | Swamp:3  | Noticed Aizul
 29780 | Swamp:3  | Killed Aizul
 30140 | Swamp:3  | Received a gift from Trog
 30377 | Swamp:3  | Found a glowing golden altar of the Shining One.
 30552 | Swamp:4  | Entered Level 4 of the Swamp
 30982 | Swamp:4  | Received a gift from Trog
 31506 | Swamp:4  | Noticed the 27-headed Lernaean hydra
 31519 | Swamp:4  | Killed the 22-headed Lernaean hydra
 31534 | Swamp:4  | Reached skill level 15 in Fighting
 31905 | Swamp:4  | Noticed Mara
 31911 | Swamp:4  | Noticed troglodite's illusion
 31939 | Swamp:4  | Killed Mara
 31939 | Swamp:4  | Reached skill level 10 in Shields
 32442 | Swamp:4  | Received a gift from Trog
 32611 | Swamp:4  | Got a decaying rune of Zot
 33147 | Spider:1 | Entered Level 1 of the Spider Nest
 33276 | Spider:1 | Gained mutation: A demonic guardian rushes to your aid. [demonic ancestry]
 33276 | Spider:1 | Reached XP level 17. HP: 142/149 MP: 17/17
 33283 | Spider:1 | Received a gift from Trog
 33497 | Spider:1 | Identified 3 scrolls of acquirement
 33499 | Spider:1 | Got an ancient scale mail
 33510 | Spider:1 | Identified the +3 scale mail of Vounor {rElec Str+4 Stlth+} (You acquired it on level 1 of the Spider Nest)
 33521 | Spider:1 | Got a fine helmet
 33532 | Spider:1 | Identified the +1 helmet of Komuile {rN+ Stlth+} (You acquired it on level 1 of the Spider Nest)
 34434 | Spider:2 | Got a crude robe
 34445 | Spider:2 | Identified the cursed +0 robe of the Sixty-Six Souls {rCorr} (You found it on level 2 of the Spider Nest)
 34767 | Spider:2 | Received a gift from Trog
 36206 | Spider:3 | Received a gift from Trog
 36340 | Spider:3 | Got a slimy iron ring
 36346 | Spider:3 | Identified the ring "Socuuseo" {Wiz rF+ rN+} (You found it on level 3 of the Spider Nest)
 36732 | Spider:3 | Noticed Donald
 36741 | Spider:3 | Killed Donald
 36741 | Spider:3 | Received a gift from Trog
 36951 | Spider:4 | Entered Level 4 of the Spider Nest
 37191 | Spider:4 | Noticed Roxanne
 37353 | Spider:4 | Killed Roxanne
 37899 | Spider:4 | Received a gift from Trog
 38297 | Spider:4 | Reached skill level 16 in Fighting
 38982 | Spider:4 | Received a gift from Trog
 39154 | Spider:4 | Gained mutation: You resist negative energy. (rN+) [demonic ancestry]
 39154 | Spider:4 | Reached XP level 18. HP: 108/158 MP: 18/18
 40512 | Spider:4 | Got a gossamer rune of Zot
 40631 | Spider:3 | Received a gift from Trog
 40996 | D:14     | Found Sesaak's Quality Used Wands.
 41404 | D:14     | Found a gate to the Vaults.
 41709 | D:14     | Got a shimmering trident
 41710 | D:14     | Identified the +10 trident of Contradiction {freeze, Dex+3} (You found it on level 14 of the Dungeon)
 42015 | D:14     | Received a gift from Trog
 42277 | D:15     | Entered Level 15 of the Dungeon
 42277 | D:15     | Noticed Rupert
 42288 | D:15     | Paralysed by Rupert for 6 turns
 42298 | D:15     | Killed Rupert
 42723 | D:15     | Found Fehableumm's General Store.
 42723 | D:15     | Noticed Azrael
 42725 | D:15     | Found Lagailuc's Gadget Shoppe.
 42736 | D:15     | Killed Azrael
 42935 | D:15     | Found Igey's Gadget Boutique.
 43062 | D:15     | Found Wuhedd's Antique Armour Shoppe.
 43226 | D:15     | Received a gift from Trog
 43331 | D:15     | Reached skill level 15 in Long Blades
 43392 | D:15     | Found a staircase to the Depths.
 43497 | D:15     | Found Poxzad's General Store.
 43528 | D:15     | Bought 2 potions of heal wounds for 170 gold pieces
 44066 | Elf:1    | Entered Level 1 of the Elven Halls
 44147 | Elf:1    | Noticed Nikola
 44160 | Elf:1    | Killed Nikola
 44160 | Elf:1    | Reached skill level 17 in Fighting
 44374 | Elf:1    | Found a deep blue altar of Sif Muna.
 44446 | Elf:1    | Received a gift from Trog
 44513 | Elf:1    | Gained mutation: You are completely covered in rugged brown scales. (AC +3, +7% HP) [demonic ancestry]
 44513 | Elf:1    | Reached XP level 19. HP: 127/172 MP: 19/19
 44514 | Elf:1    | Identified the Grimoire of the Four Deaths
 44666 | Elf:1    | You fall through a shaft!
 44875 | Elf:2    | Received a gift from Trog
 44925 | Elf:2    | Found a huge runed gate.
 44926 | Elf:2    | Found a huge runed gate.
 44927 | Elf:2    | Found a huge runed gate.
 44928 | Elf:2    | Found a huge runed gate.
 44929 | Elf:2    | Found a huge runed gate.
 45408 | Elf:2    | Found Uhaogoniq's Food Emporium.
 45472 | Elf:2    | Received a gift from Trog
 45852 | Elf:2    | Found an ancient bone altar of Kikubaaqudgha.
 46298 | Elf:3    | Entered Level 3 of the Elven Halls
 46604 | Elf:3    | Received a gift from Trog
 46618 | Elf:3    | Cast into level 3 of the Abyss (a deep elf sorcerer)
 46618 | Abyss:3  | Found a corrupted altar of Lugonu.
 46639 | Elf:3    | Escaped the Abyss
 46654 | Elf:3    | Got a fine double sword {god gift}
 46657 | Elf:3    | Identified the +6 double sword of Kootral {freeze, rElec rPois MR+} (Trog gifted it to you on level 3 of the Elven Halls)
 47321 | Elf:3    | Got a distressingly furry scarf
 47332 | Elf:3    | Identified the scarf of Negligence {+Inv rF+ Int+2} (You acquired it on level 3 of the Elven Halls)
 47763 | Elf:3    | Got an ivory flail {antimagic}
 47764 | Elf:3    | Identified the +9 flail of the Whelk {antimagic, +Blink rF- Str+3 Int+4} (You took it off a deep elf high priest on level 3 of the Elven Halls)
 48203 | Elf:3    | Reached skill level 1 in Maces & Flails
 48228 | Elf:3    | Got a faintly glowing glass ring
 48394 | Elf:3    | Cast into level 3 of the Abyss (a deep elf demonologist)
 48451 | Abyss:3  | Gained mutation: You are somewhat able to resist unholy torments (1 in 2 success). [demonic ancestry]
 48451 | Abyss:3  | Reached XP level 20. HP: 72/181 MP: 6/20
 48456 | Abyss:3  | Received a gift from Trog
 48459 | Abyss:3  | Got a warped morningstar {god gift}
 48605 | Abyss:3  | Got an abyssal rune of Zot
 48609 | Elf:3    | Escaped the Abyss
 48985 | Elf:3    | Identified the ring of Sageroato {rC+ Dex+5} (You took it off a deep elf annihilator on level 3 of the Elven Halls)
 48992 | Elf:3    | Identified the +3 morningstar "Lyawuolotz" {speed, rElec Str+6} (Trog gifted it to you on level 3 of the Abyss)
 49083 | Elf:3    | Got a faintly humming plate armour
 49114 | Elf:3    | Identified the +0 plate armour of Wisdom {MR+} (You found it on level 3 of the Elven Halls)
 49152 | Elf:3    | Got a fine hand axe {flame}
 49153 | Elf:3    | Identified the +7 hand axe "Cajio" {flame, *Rage rPois Int+3 Dex+3} (You took it off a deep elf demonologist on level 3 of the Elven Halls)
 49272 | Elf:3    | Reached skill level 5 in Maces & Flails
 49602 | Vaults:1 | Entered Level 1 of the Vaults
 50580 | Vaults:1 | Reached skill level 15 in Shields
 50606 | Vaults:1 | Received a gift from Trog
 50678 | Vaults:1 | Reached skill level 18 in Fighting
 51150 | Vaults:2 | Reached skill level 15 in Armour
 51275 | Vaults:2 | Found a staircase to the Crypt.
 51275 | Vaults:2 | Found a basalt altar of Yredelemnul.
 51276 | Vaults:2 | Found an ancient bone altar of Kikubaaqudgha.
 51573 | Vaults:2 | Received a gift from Trog
 52363 | Vaults:2 | Reached XP level 21. HP: 155/189 MP: 21/21
 52675 | Vaults:3 | Received a gift from Trog
 52830 | Vaults:3 | Noticed Asterion
 52850 | Vaults:3 | Killed Asterion
 54244 | Vaults:3 | Received a gift from Trog
 54723 | Vaults:3 | Cast into level 2 of the Abyss (a deep elf sorcerer)
 54727 | Abyss:2  | Found a corrupted altar of Lugonu.
 54759 | Abyss:2  | Found a stormy altar of Qazlal.
 54771 | Vaults:3 | Escaped the Abyss
 54878 | Vaults:3 | Got an ancient shield
 54893 | Vaults:3 | Identified the cursed +0 shield of Abstinence {rElec rN+ Dex-3} (You took it off a tengu reaver on level 3 of the Vaults)
 55334 | Vaults:4 | Received a gift from Trog
 55554 | Vaults:4 | Found Riduth's Gadget Shop.
 55598 | Vaults:4 | Found Duamip's Book Emporium.
 55862 | Vaults:4 | Received a gift from Trog
 56079 | Vaults:4 | Reached XP level 22. HP: 187/199 MP: 22/22
 56098 | Vaults:4 | Paralysed by a sphinx for 5 turns
 56102 | Vaults:4 | HP: 9/199 [sphinx (7)]
 56102 | Vaults:4 | Annihilated by an ironbrand convoker

Skill      XL: |  1  2  3  4  5  6  7  8  9 10 11 12 13 14 15 16 17 18 19 20 21 |
---------------+----------------------------------------------------------------+-----
Long Blades    | 3 4 5 6 7 8 10 11 12 13 14 15 16 | 16.3
Armour         | 2 3 4 5 6 7 8 9 10 11 12 13 14 15 | 15.4
Dodging        | 2 3 4 6 7 8 9 10 11 12 13 14 | 14.4
Fighting       | 4 5 6 7 8 9 11 12 13 14 15 16 17 18 | 18.8
Stealth        | 1 2 3 4 5 6 7 |  7.9
Shields        | 1 3 5 6 7 8 10 11 13 14 15 16 | 16.7
Maces & Flails | 3 7 9 |  9.3
Evocations     | |  0.4

Action                   |  1- 3 |  4- 6 |  7- 9 | 10-12 | 13-15 | 16-18 | 19-21 | 22-24 || total
-------------------------+-------+-------+-------+-------+-------+-------+-------+-------++-------
Melee: Falchion          |    68 |    98 |   207 |    39 |   380 |    34 |  2065 |    17 ||  2908
       Kick              |    14 |     1 |       |       |   374 |   979 |  1715 |    13 ||  3096
       Scimitar          |       |       |       |   245 |   266 |  1527 |       |       ||  2038
       Double sword      |       |       |       |   167 |   641 |       |   109 |       ||   917
       Flail             |       |       |       |       |       |       |   189 |       ||   189
Invok: Berserk           |     1 |     1 |     4 |    12 |    15 |     9 |     3 |       ||    45
       Burn Spellbooks   |       |       |     2 |     1 |     3 |     4 |     4 |       ||    14
       Brothers in Arms  |       |       |       |       |     1 |     1 |     6 |       ||     8
       Trog's Hand       |       |       |       |       |       |       |     1 |       ||     1
Evoke: Wand              |       |       |       |       |     2 |       |       |       ||     2
  Use: Scroll            |     2 |     4 |     1 |    18 |    14 |    18 |    12 |       ||    69
       Potion            |       |     1 |       |       |     4 |     4 |     2 |       ||    11
 Stab: Sleeping          |     1 |       |     1 |       |       |    19 |    33 |       ||    54
       Distracted        |       |       |       |     5 |    17 |    17 |    27 |       ||    66
       Held in net/web   |       |       |       |       |       |     1 |       |       ||     1
  Eat: Chunk             |     2 |     8 |    14 |    17 |    43 |    37 |    20 |       ||   141
       Meat ration       |       |       |       |     4 |     8 |     5 |     7 |       ||    24
       Royal jelly       |       |       |       |       |       |     1 |       |       ||     1
       Bread ration      |       |       |       |       |       |       |     2 |       ||     2
Armor: Animal skin       |    20 |       |       |       |       |       |       |       ||    20
       Ring mail         |       |    22 |    75 |    46 |       |       |       |       ||   143
       Leather armour    |       |     5 |       |       |       |       |       |       ||     5
       Chain mail        |       |       |       |   164 |   425 |   262 |       |       ||   851
       Scale mail        |       |       |       |       |       |   426 |   393 |     8 ||   827
Dodge: Dodged            |    50 |    65 |   137 |   198 |   810 |  1106 |   911 |    11 ||  3288
Block: Buckler           |       |       |       |    77 |   288 |   584 |       |       ||   949
       Shield            |       |       |       |       |       |   275 |  1622 |    12 ||  1909
       Reflection        |       |       |       |       |       |     5 |    97 |       ||   102
       Rpst.: Falchion   |    13 |    25 |    36 |     7 |    72 |     2 |   132 |     2 ||   289
       Scimitar          |       |       |       |    23 |    35 |   214 |       |       ||   272
       Double sword      |       |       |       |     9 |    87 |       |     5 |       ||   101
